 Dungeon Crawl Stone Soup version 0.29-a0-821-g66395355a5 (webtiles) character file.

Game seed: 6332981511446829884

12 blackman the Chopper (level 2, 0/24 HPs)
             Began as a Human Chaos Knight on July 7, 2022.
             Was a Plaything of Xom.
             Slain by a gnoll
             ... wielding a +0 flail
              (8 damage)
             ... on level 1 of the Dungeon.
             The game lasted 00:02:40 (423 turns).

blackman the Chopper (Human Chaos Knight)            Turns: 423, Time: 00:02:40

Health: 0/24       AC:  5    Str: 12    XL:     2   Next: 45%
Magic:  2/2        EV: 11    Int: 12    God:    Xom [..*...]
Gold:   3          SH:  0    Dex: 12    Spells: 1/1 levels left

rFire   + . .      SeeInvis .   a - +0 hand axe (chaos)
rCold   . . .      Faith    .   (no shield)
rNeg    . . .      Spirit   .   f - +2 leather armour {rF+}
rPois   .          Reflect  .   (no helmet)
rElec   .          Harm     .   (no cloak)
rCorr   .          Rampage  .   (no gloves)
Will    .....                   (no boots)
Stlth   +.........              (no amulet)
HPRegen 0.08/turn               (no ring)
MPRegen 0.08/turn               (no ring)

@: no status effects
A: no striking features
a: Renounce Religion


You were on level 1 of the Dungeon.
You worshipped Xom.
You were a toy of Xom.
You visited 1 branch of the dungeon, and saw 1 of its levels.

You collected 13 gold pieces.
You spent 10 gold pieces at shops.

Inventory:

Hand Weapons
 a - a +0 hand axe of chaos (weapon)
Armour
 b - a +2 leather armour
 f - a +2 leather armour of fire resistance (worn)
Potions
 d - a potion of haste {unknown}
 e - a potion of flight {unknown}
 g - a potion of degeneration
Miscellaneous
 c - a piece from Xom's chessboard (9/15) (quivered)


   Skills:
 - Level 3.0 Fighting
 + Level 3.7 Axes
 - Level 2.0 Armour
 - Level 1.0 Dodging


You had one spell level left.
You didn't know any spells.
Your spell library contained the following spells:

 Spells                   Type           Power      Damage    Failure   Level
 Fireball                 Conj/Fire      0%         3d3       100%        5
 Iskenderun's Battlesphe  Conj           0%         2d6       100%        5
 Conjure Ball Lightning   Conj/Air       0%         3x3d6     100%        6
 Orb of Destruction       Conj           0%         9d5       100%        7


Dungeon Overview and Level Annotations

Branches:
Dungeon (1/15)

Altars:

Shops:
D:1 !


Message History

a quokka corpse
There is an entrance to Xibroetz's Distillery here.
g - a potion of degeneration Thank you for shopping at Xibroetz's Distillery!
Unknown command.
Why would you want to do that?
Unknown command.
Unknown command.
Why would you want to do that? Why would you want to do that?
Why would you want to do that? Why would you want to do that?
A gnoll comes into view. It is wielding a +0 flail.
The gnoll shouts!
Found a green potion.
You hit the gnoll.
The gnoll goes berserk!
Xom is mildly amused.
The gnoll is lightly wounded.
The gnoll hits you with a +0 flail.
You hit the gnoll but do no damage.
Space warps around the gnoll.
The gnoll is moderately wounded.
The gnoll closely misses you. The gnoll hits you with a +0 flail!
You are too injured to fight recklessly!
You are too injured to fight recklessly!
You are too injured to fight recklessly!
Unknown command.
You make a move on Xom's chessboard...
The gnoll is outlined in light.
The gnoll misses you. The gnoll closely misses you.
You make a move on Xom's chessboard...
The gnoll resists with significant effort.
The gnoll barely misses you.
You make a move on Xom's chessboard...
The gnoll seems to grow stronger.
The gnoll hits you but does no damage. The gnoll barely misses you.
You make a move on Xom's chessboard...
The gnoll twists and deforms.
The gnoll barely misses you.
You make a move on Xom's chessboard...
Nothing appears to happen.
The gnoll barely misses you. The gnoll hits you with a +0 flail.
You make a move on Xom's chessboard...
The gnoll is unaffected.
The gnoll hits you with a +0 flail!
You die...

### ###.####### #.......... .
#.#.####### #####!# #####)#.....#
....... .....)###...#####.......
#####.###...#...@g...... #
#.....'...#.###....... #
#.#.###...#.# ....... ###.#.#
#...#.# ####### ....#.# #...#.#
#####.###...#.###################
.....>...........................
#####.#######.##################.
#.# #.........)# #.


You could see a gnoll (berserk, strong, misshapen, corona).

Vanquished Creatures
  An endoplasm (D:1)
  A giant cockroach (D:1)
  4 goblins (D:1)
  A kobold (D:1)
  A quokka (D:1)
  A bat (D:1)
  A rat (D:1)
10 creatures vanquished.

Notes
Turn   | Place    | Note
-------+----------+-------------------------------------------
     0 | D:1      | blackman the Human Chaos Knight began the quest for the
                  | Orb.
     0 | D:1      | Reached XP level 1. HP: 18/18 MP: 1/1
   141 | D:1      | XOM: silly message
   154 | D:1      | Reached XP level 2. HP: 20/24 MP: 2/2
   226 | D:1      | Found Xibroetz's Distillery.
   276 | D:1      | XOM: silly message
   403 | D:1      | Bought a potion of degeneration for 10 gold pieces
   423 | D:1      | Slain by a gnoll

Illustrated notes

Levels and vault maps discovered:
D:1:      roderic_dead_forest, layout_basic, serial_shops, shop,
          minmay_box_of_dots

Action                   || total
-------------------------++-------
Melee: Hand axe          ||    46
Evoke: Piece from Xom's  ||     6
Armor: Leather armour    ||    15
Dodge: Dodged            ||    36

Table legend: (Time is in decaauts)
 A = Elapsed time spent in this place.
 B = Non-inter-level travel time spent in this place.
 C = Inter-level travel time spent in this place.
 D = Time resting spent in this place.
 E = Time spent auto-exploring this place.
 F = Levels seen in this place.
 G = Mean time per level.
                   A        B        C        D        E       F      G
               +--------+--------+--------+--------+--------+-----+--------+
         Total |    429 |    395 |     34 |      0 |    286 |   1 |  429.0 |
       Dungeon |    429 |    395 |     34 |      0 |    286 |   1 |  429.0 |
               +--------+--------+--------+--------+--------+-----+--------+

Top non-repeatable levels by time:
     D:1: 429 daAuts
